Rangers vs Blackhawks

Created - December 4, 2025 at 20:43

Goals
1 2 3 T
Rangers 1 0 0 1
Blackhawks 2 0 4 6
Shots
1 2 3 T
Rangers 17 10 9 36
Blackhawks 7 9 18 34

1st period

1. Rangers , Vince Dunn 2 (Ryan Strome 5, Cale Makar 11) at 1:41 (PP)
2. Blackhawks , Kris Versteeg 4 (Stefan Matteau 5) at 15:46
3. Blackhawks , Johnny Gaudreau 6 (Auston Matthews 8) at 16:39

Penalties :
Erik Haula (Chi) for Tripping (Minor) at 0:43, Stefan Matteau (Chi) for High sticking (Minor) at 17:23

2nd period

No Goal

Penalties :
Tomas Hertl (NyR) for Slashing (Minor) at 11:05, Kris Versteeg (Chi) for Cross-checking (Minor) at 17:05

3rd period

4. Blackhawks , Erik Haula 5 (Thomas Chabot 4, Mike Amadio 6) at 0:14
5. Blackhawks , Mikko Rantanen 10 (Johnny Gaudreau 8, Thomas Chabot 5) at 7:49
6. Blackhawks , Derek Stepan 5 (Johnny Gaudreau 9, Mikko Rantanen 8) at 15:03 (PP)
7. Blackhawks , Mikhail Grigorenko 1 (Hudson Fasching 1, Thomas Chabot 6) at 19:07

Penalties :
Johnny Gaudreau (Chi) for Cross-checking (Minor) at 4:43, Henrik Samuelsson (NyR) for Slashing (Minor) at 11:52, Jake McCabe (NyR) for Goalie Interference (Minor) at 14:46, Mikhail Grigorenko (Chi) for Hooking (Minor) at 16:30

Goalie Stats

Samuel Montembeault (NyR), 28 saves from 34 shots - (0.824), L, 4-6-0, 60:00 minutes
Cam Ward (Chi), 35 saves from 36 shots - (0.972), W, 3-5-0, 60:00 minutes

Players Stats for Rangers

Player Name              G  A  P  +/- PIM S  H  SB GA TA FO     MP     PP MP  PK MP  
------------------------------------------------------------------------------------
Cale Makar               0  1  1  -2  0   10 0  0  1  0  0/0    26:57   5:48   2:01 
Casey Mittelstadt        0  0  0  -1  0   0  0  1  0  0  4/11   11:19   0:05   2:25 
David Pope               0  0  0  -1  0   0  0  0  1  0  0/2    10:23   0:11   1:10 
Derrick Pouliot          0  0  0  -3  0   0  0  2  0  0  0/0    12:11   0:00   0:24 
Devante Smith-Pelly      0  0  0  -1  0   0  0  0  0  0  0/0    12:21   3:26   0:00 
Henrik Samuelsson        0  0  0  -1  2   4  1  0  0  0  2/7     9:50   0:00   0:49 
Jake McCabe              0  0  0  -2  2   2  2  2  0  0  0/0    22:33   3:06   1:44 
Mikhail Sergachev        0  0  0   0  0   3  1  0  0  1  0/0    20:52   3:06   1:50 
Milan Lucic              0  0  0   0  0   4  1  2  0  0  1/4    21:28   5:17   1:40 
Oliver Bjorkstrand       0  0  0   0  0   0  0  0  0  2  1/2    14:48   0:00   0:00 
Ondrej Palat             0  0  0  -1  0   3  0  0  1  0  0/0     9:07   0:00   0:00 
Ryan Strome              0  1  1  -3  0   2  1  2  0  0  1/1    20:59   5:28   1:17 
Sean Couturier           0  0  0  -3  0   3  3  1  2  0  17/31  20:38   5:23   1:09 
Sebastian Collberg       0  0  0  -1  0   1  1  0  0  0  0/1     8:54   0:00   0:00 
Steven Santini           0  0  0  -3  0   0  0  2  0  2  0/0    12:11   0:00   0:24 
Tomas Hertl              0  0  0   0  2   2  3  1  2  0  9/18   18:19   3:26   0:00 
Viktor Arvidsson         0  0  0  -3  0   0  0  0  1  0  3/3    17:37   3:26   0:00 
Vince Dunn               1  0  1   0  0   2  0  2  0  2  0/0    25:15   5:48   2:07 

Players Stats for Blackhawks

Player Name              G  A  P  +/- PIM S  H  SB GA TA FO     MP     PP MP  PK MP  
------------------------------------------------------------------------------------
Antoine Roussel          0  0  0   1  0   1  1  0  1  1  0/0    16:36   1:58   4:56 
Auston Matthews          0  1  1   2  0   2  0  0  0  0  19/32  18:38   1:14   0:00 
Derek Stepan             1  0  1   1  0   4  2  1  0  1  14/33  20:26   2:30   5:31 
Erik Haula               1  0  1   1  2   1  2  1  1  0  0/0    15:59   0:12   3:03 
Hudson Fasching          0  1  1   1  0   2  2  0  0  0  0/0     7:27   0:32   0:00 
Johnny Gaudreau          1  2  3   2  2   6  3  0  4  0  1/1    19:29   1:52   0:09 
Kris Versteeg            1  0  1   1  2   7  0  0  0  0  0/1    10:40   0:37   0:00 
Mike Amadio              0  1  1   1  0   2  0  1  0  0  0/1    17:04   1:51   2:53 
Mikhail Grigorenko       1  0  1   1  2   1  0  0  0  0  0/0     7:06   0:00   0:11 
Mikko Rantanen           1  1  2   2  0   2  1  1  1  2  2/2    19:21   1:52   0:00 
Patrick Sieloff          0  0  0   0  0   0  0  0  0  0  0/0    10:33   0:35   0:00 
PK Subban                0  0  0   2  0   0  0  1  0  2  0/0    19:58   1:43   3:18 
Radko Gudas              0  0  0   3  0   0  2  4  0  1  0/0    30:04   2:32   5:36 
Robert Hagg              0  0  0   0  0   0  0  0  0  0  0/0     9:58   0:00   0:00 
Stefan Matteau           0  1  1   1  2   0  1  0  0  0  5/7    10:52   0:07   0:39 
Thomas Chabot            0  3  3   4  0   4  1  1  0  0  0/0    22:46   1:43   3:18 
Will Butcher             0  0  0   1  0   1  3  0  0  0  0/0    26:41   1:57   5:36 
William Karlsson         0  0  0   1  0   1  0  1  0  1  1/3     7:23   0:00   0:26 

3 Stars

1 - Thomas Chabot (Chi)
2 - Cam Ward (Chi)
3 - Johnny Gaudreau (Chi)

Power Play

Rangers - 1 on 5 Attempt(s) - 20.00%
Blackhawks - 1 on 3 Attempt(s) - 33.33%

Penalty Kill

Rangers - 2 on 3 Attempt(s) - 66.67% - Score 0 goal in Penalty Kill
Blackhawks - 4 on 5 Attempt(s) - 80.00% - Score 0 goal in Penalty Kill

Team Stat

Rangers - Hits : 13 - Faceoff Wins : 38 - Blocked Shots : 15 - Penalty Minutes : 6
Blackhawks - Hits : 18 - Faceoff Wins : 42 - Blocked Shots : 11 - Penalty Minutes : 10

Official

Referees : Tom Chmielewski and Jacob Brenk
Linesman : Steve Barton and Bryan Pancich

Game Notes

2:27 of 3rd period - Blackhawks goal is going for a video replay. After video review, No Goal. The puck has been kicked using a distinct kicking motion.

Finance

Level 1 -- Attendance: 5795 (96.58%) -- Ticket Income $579,500
Level 2 -- Attendance: 4558 (91.16%) -- Ticket Income $319,060
Level 3 -- Attendance: 2000 (100.00%) -- Ticket Income $80,000
Level 4 -- Attendance: 3672 (91.80%) -- Ticket Income $110,160
Luxury Box -- Attendance: 883 (88.30%) -- Ticket Income $176,600
Game was played at the United Center.
Total Attendance: 16908 (93.93%)
Total Ticket Income: $1,265,320
Other Income: $189,798
Total Income: $1,455,118

Rangers

5 vs 5 Forward 
   Center                   Left Wing                Right Wing               Time % Phy DF OF 
 1 Sean Couturier           Viktor Arvidsson         Ryan Strome              30     1   2  2  
 2 Tomas Hertl              Milan Lucic              Oliver Bjorkstrand       30     2   1  2  
 3 Casey Mittelstadt        Ondrej Palat             Devante Smith-Pelly      20     1   2  2  
 4 Henrik Samuelsson        David Pope               Sebastian Collberg       20     1   2  2  

5 vs 5 Defense 
   Defense                  Defense                                           Time % Phy DF OF 
 1 Cale Makar               Jake McCabe                                       40     1   2  2  
 2 Mikhail Sergachev        Vince Dunn                                        35     1   2  2  
 3 Derrick Pouliot          Steven Santini                                    25     1   2  2  
 4 Cale Makar               Jake McCabe                                       0      1   2  2  

PowerPlay Forward 
   Center                   Left Wing                Right Wing               Time % Phy DF OF 
 1 Sean Couturier           Milan Lucic              Ryan Strome              60     1   2  2  
 2 Tomas Hertl              Viktor Arvidsson         Devante Smith-Pelly      40     1   2  2  

PowerPlay Defense
   Defense                  Defense                                           Time % Phy DF OF 
 1 Cale Makar               Vince Dunn                                        60     1   2  2  
 2 Mikhail Sergachev        Jake McCabe                                       40     1   2  2  

Penalty Kill 4 Players Forward 
   Center                   Wing                     Time % Phy DF OF 
 1 Casey Mittelstadt        Milan Lucic              60     1   2  2  
 2 Sean Couturier           Henrik Samuelsson        40     1   2  2  

Penalty Kill 4 Players Defense
   Defense                  Defense                  Time % Phy DF OF 
 1 Cale Makar               Jake McCabe              60     1   2  2  
 2 Mikhail Sergachev        Vince Dunn               40     1   2  2  

Penalty Kill - 3 Players Forward 
   Forward                                           Time % Phy DF OF 
 1 Casey Mittelstadt                                 60     1   2  2  
 2 Henrik Samuelsson                                 40     1   2  2  

Penalty Kill - 3 Players Defense
   Defense                  Defense                  Time % Phy DF OF 
 1 Cale Makar               Jake McCabe              60     1   2  2  
 2 Mikhail Sergachev        Vince Dunn               40     1   2  2  

4 vs 4 Forward 
   Center                   Wing                     Time % Phy DF OF 
 1 Sean Couturier           Milan Lucic              60     1   2  2  
 2 Tomas Hertl              Viktor Arvidsson         40     1   2  2  

4 vs 4 Defense
   Defense                  Defense                  Time % Phy DF OF 
 1 Cale Makar               Vince Dunn               60     1   2  2  
 2 Mikhail Sergachev        Jake McCabe              40     1   2  2  

Last Minutes Offensive
   Center                   Left Wing                Right Wing               Defense                  Defense                  
   Sean Couturier           Milan Lucic              Devante Smith-Pelly      Cale Makar               Vince Dunn               

Last Minutes Defensive
   Center                   Left Wing                Right Wing               Defense                  Defense                  
   Sean Couturier           Milan Lucic              Devante Smith-Pelly      Cale Makar               Mikhail Sergachev        

Goaltenders
Starting : Samuel Montembeault      
Backup : Eric Comrie              

Extra Forwards
Normal : Ryan Strome, Tomas Hertl, Ondrej Palat - PP : Ryan Strome, Tomas Hertl - PK : Ryan Strome
Extra Defensemen
Normal : Vince Dunn, Derrick Pouliot, Steven Santini - PP : Vince Dunn - PK : Vince Dunn, Derrick Pouliot
Penalty Shots
Milan Lucic, Sean Couturier, Viktor Arvidsson, Devante Smith-Pelly, Ryan Strome
Custom OT Lines Forwards
Milan Lucic, Sean Couturier, Viktor Arvidsson, Devante Smith-Pelly, Ryan Strome, Tomas Hertl, Ondrej Palat, Oliver Bjorkstrand, David Pope, Henrik Samuelsson
Custom OT Lines Defensemen
Cale Makar, Jake McCabe, Mikhail Sergachev, Vince Dunn, Derrick Pouliot

Scratches
Connor Chatam (Healthy)

Blackhawks

5 vs 5 Forward 
   Center                   Left Wing                Right Wing               Time % Phy DF OF 
 1 Auston Matthews          Johnny Gaudreau          Mikko Rantanen           40     1   2  2  
 2 Derek Stepan             Erik Haula               Mike Amadio              30     1   2  2  
 3 Stefan Matteau           Antoine Roussel          Kris Versteeg            20     1   2  2  
 4 William Karlsson         Mikhail Grigorenko       Hudson Fasching          10     1   2  2  

5 vs 5 Defense 
   Defense                  Defense                                           Time % Phy DF OF 
 1 Thomas Chabot            Radko Gudas                                       40     1   2  2  
 2 Will Butcher             PK Subban                                         30     1   2  2  
 3 Robert Hagg              Patrick Sieloff                                   20     1   2  2  
 4 Will Butcher             Radko Gudas                                       10     1   2  2  

PowerPlay Forward 
   Center                   Left Wing                Right Wing               Time % Phy DF OF 
 1 Derek Stepan             Johnny Gaudreau          Mikko Rantanen           60     1   2  2  
 2 Auston Matthews          Antoine Roussel          Mike Amadio              40     1   2  2  

PowerPlay Defense
   Defense                  Defense                                           Time % Phy DF OF 
 1 Will Butcher             Radko Gudas                                       60     1   2  2  
 2 Thomas Chabot            PK Subban                                         40     1   2  2  

Penalty Kill 4 Players Forward 
   Center                   Wing                     Time % Phy DF OF 
 1 Derek Stepan             Antoine Roussel          60     1   2  2  
 2 Erik Haula               Mike Amadio              40     1   2  2  

Penalty Kill 4 Players Defense
   Defense                  Defense                  Time % Phy DF OF 
 1 Will Butcher             Radko Gudas              60     1   2  2  
 2 Thomas Chabot            PK Subban                40     1   2  2  

Penalty Kill - 3 Players Forward 
   Forward                                           Time % Phy DF OF 
 1 Erik Haula                                        60     1   2  2  
 2 Mike Amadio                                       40     1   2  2  

Penalty Kill - 3 Players Defense
   Defense                  Defense                  Time % Phy DF OF 
 1 Will Butcher             Radko Gudas              60     1   2  2  
 2 Thomas Chabot            PK Subban                40     1   2  2  

4 vs 4 Forward 
   Center                   Wing                     Time % Phy DF OF 
 1 Derek Stepan             Mikko Rantanen           60     1   2  2  
 2 Auston Matthews          Johnny Gaudreau          40     1   2  2  

4 vs 4 Defense
   Defense                  Defense                  Time % Phy DF OF 
 1 Will Butcher             Radko Gudas              60     1   2  2  
 2 Thomas Chabot            PK Subban                40     1   2  2  

Last Minutes Offensive
   Center                   Left Wing                Right Wing               Defense                  Defense                  
   Derek Stepan             Johnny Gaudreau          Mikko Rantanen           Will Butcher             Radko Gudas              

Last Minutes Defensive
   Center                   Left Wing                Right Wing               Defense                  Defense                  
   Derek Stepan             Johnny Gaudreau          Mikko Rantanen           Will Butcher             Radko Gudas              

Goaltenders
Starting : Cam Ward                 
Backup : Ilya Samsonov            

Extra Forwards
Normal : Mike Amadio, Kris Versteeg, Antoine Roussel - PP : Mike Amadio, Kris Versteeg - PK : Mike Amadio
Extra Defensemen
Normal : PK Subban, Robert Hagg, Patrick Sieloff - PP : PK Subban - PK : PK Subban, Robert Hagg
Penalty Shots
Johnny Gaudreau, Mikko Rantanen, Derek Stepan, Auston Matthews, Mike Amadio
Custom OT Lines Forwards
Johnny Gaudreau, Mikko Rantanen, Derek Stepan, Auston Matthews, Mike Amadio, Kris Versteeg, Antoine Roussel, Erik Haula, Mikhail Grigorenko, Stefan Matteau
Custom OT Lines Defensemen
Will Butcher, Radko Gudas, Thomas Chabot, PK Subban, Robert Hagg

Scratches
Andrew Ladd (Healthy)

% Time on Ice - Rangers

Lines # - Real PCT - Wanted PCT - Time Play
Normal Forward
1 - 30% - 30% - 14:14
2 - 32% - 30% - 14:54
3 - 19% - 20% - 8:49
4 - 19% - 20% - 8:54
Normal Defense
1 - 42% - 40% - 19:37
2 - 34% - 35% - 15:56
3 - 24% - 25% - 11:18
4 - 0% - 0% - 0:00
PP Forward
1 - 61% - 60% - 5:28
2 - 39% - 40% - 3:26
PP Defense
1 - 65% - 60% - 5:48
2 - 35% - 40% - 3:06
PK Forward
1 - 80% - 60% - 3:25
2 - 20% - 40% - 0:50
PK Defense
1 - 57% - 60% - 2:25
2 - 43% - 40% - 1:50
PK3 Forward
1 - 0% - 60%
2 - 0% - 40%
PK3 Defense
1 - 0% - 60%
2 - 0% - 40%
44 Forward
1 - 0% - 60%
2 - 0% - 40%
44 Defense
1 - 0% - 60%
2 - 0% - 40%
Last Minute Offensive  - 0:00
Last Minute Defensive  - 0:00
Total
Forward - 60:00
Defense - 60:00

% Time on Ice - Blackhawks

Lines # - Real PCT - Wanted PCT - Time Play
Normal Forward
1 - 38% - 40% - 17:54
2 - 26% - 30% - 12:20
3 - 21% - 20% - 9:42
4 - 15% - 10% - 6:55
Normal Defense
1 - 40% - 40% - 18:41
2 - 32% - 30% - 14:57
3 - 21% - 20% - 9:58
4 - 7% - 10% - 3:15
PP Forward
1 - 62% - 60% - 2:37
2 - 38% - 40% - 1:38
PP Defense
1 - 60% - 60% - 2:32
2 - 40% - 40% - 1:43
PK Forward
1 - 74% - 60% - 6:35
2 - 26% - 40% - 2:19
PK Defense
1 - 63% - 60% - 5:36
2 - 37% - 40% - 3:18
PK3 Forward
1 - 0% - 60%
2 - 0% - 40%
PK3 Defense
1 - 0% - 60%
2 - 0% - 40%
44 Forward
1 - 0% - 60%
2 - 0% - 40%
44 Defense
1 - 0% - 60%
2 - 0% - 40%
Last Minute Offensive  - 0:00
Last Minute Defensive  - 0:00
Total
Forward - 60:00
Defense - 60:00

Play-by-Play

1st period


0:01 of 1st period - Auston Matthews wins face-off versus Sean Couturier in neutral zone.
0:26 of 1st period - Thomas Chabot is hit by Tomas Hertl and loses puck.
0:43 of 1st period - Minor Penalty to Erik Haula for Tripping.
0:44 of 1st period - Sean Couturier wins face-off versus Derek Stepan in Blackhawks zone.
0:53 of 1st period - Ryan Strome is hit by Radko Gudas and loses puck.
1:29 of 1st period - Slapshot by Cale Makar.
1:29 of 1st period - Stopped by Cam Ward with a rebound.
1:31 of 1st period - Slapshot by Milan Lucic.
1:31 of 1st period - Shot Misses the Net.
1:33 of 1st period - Slapshot by Cale Makar.
1:33 of 1st period - Stopped by Cam Ward with a rebound.
1:39 of 1st period - Snap shot by Ryan Strome.
1:39 of 1st period - Stopped by Cam Ward with a rebound.
1:41 of 1st period - Wrist shot by Vince Dunn.
1:41 of 1st period - Deflect By Will Butcher.
1:41 of 1st period - Goal by Vince Dunn - Rangers : 1 - Blackhawks : 0.
1:42 of 1st period - Auston Matthews wins face-off versus Henrik Samuelsson in neutral zone.
2:18 of 1st period - Wrist shot by Kris Versteeg.
2:18 of 1st period - Shot Misses the Net.
2:54 of 1st period - Snap shot by Hudson Fasching.
2:54 of 1st period - Stopped by Samuel Montembeault without a rebound.
2:55 of 1st period - Oliver Bjorkstrand wins face-off versus William Karlsson in Rangers zone.
3:14 of 1st period - Slapshot by Tomas Hertl.
3:14 of 1st period - Shot Misses the Net.
3:16 of 1st period - Slapshot by Jake McCabe.
3:16 of 1st period - Shot Blocked by William Karlsson.
3:22 of 1st period - Snap shot by Milan Lucic.
3:22 of 1st period - Deflect By William Karlsson.
3:22 of 1st period - Stopped by Cam Ward without a rebound.
3:23 of 1st period - Sean Couturier wins face-off versus Auston Matthews in Blackhawks zone.
4:05 of 1st period - Snap shot by Kris Versteeg.
4:05 of 1st period - Deflect By Antoine Roussel.
4:05 of 1st period - Shot Misses the Net.
4:05 of 1st period - Puck is out of play.
4:06 of 1st period - Tomas Hertl wins face-off versus Derek Stepan in Rangers zone.
5:17 of 1st period - Hudson Fasching is hit by Sean Couturier and loses puck.
6:15 of 1st period - Mike Amadio is hit by Tomas Hertl.
6:52 of 1st period - Slapshot by Ondrej Palat.
6:52 of 1st period - Stopped by Cam Ward with a rebound.
6:54 of 1st period - Slapshot by Mikhail Sergachev.
6:54 of 1st period - Stopped by Cam Ward with a rebound.
6:56 of 1st period - Slapshot by Vince Dunn.
6:56 of 1st period - Stopped by Cam Ward with a rebound.
7:25 of 1st period - Icing by Robert Hagg.
7:26 of 1st period - Henrik Samuelsson wins face-off versus Auston Matthews in Blackhawks zone.
7:47 of 1st period - Wrist shot by Johnny Gaudreau.
7:47 of 1st period - Deflect By Auston Matthews.
7:47 of 1st period - Shot Misses the Net.
7:47 of 1st period - Puck is out of play.
7:48 of 1st period - Tomas Hertl wins face-off versus Derek Stepan in Rangers zone.
7:50 of 1st period - Icing by Milan Lucic.
7:51 of 1st period - Tomas Hertl wins face-off versus Derek Stepan in Rangers zone.
8:26 of 1st period - Radko Gudas is hit by Sean Couturier.
8:30 of 1st period - Slapshot by Thomas Chabot.
8:30 of 1st period - Shot Blocked by Steven Santini.
8:48 of 1st period - Snap shot by Henrik Samuelsson.
8:48 of 1st period - Stopped by Cam Ward without a rebound.
8:49 of 1st period - Tomas Hertl wins face-off versus Derek Stepan in Blackhawks zone.
8:53 of 1st period - Icing by Mike Amadio.
8:54 of 1st period - Milan Lucic wins face-off versus Derek Stepan in Blackhawks zone.
9:21 of 1st period - Mikko Rantanen is hit by Jake McCabe and loses puck.
9:28 of 1st period - PK Subban is hit by Sean Couturier and loses puck.
9:55 of 1st period - Slapshot by Hudson Fasching.
9:55 of 1st period - Shot Misses the Net.
10:33 of 1st period - Erik Haula is hit by Jake McCabe and loses puck.
10:58 of 1st period - Snap shot by Oliver Bjorkstrand.
10:58 of 1st period - Deflect By Tomas Hertl.
10:58 of 1st period - Stopped by Cam Ward without a rebound.
10:59 of 1st period - Auston Matthews wins face-off versus Sebastian Collberg in Blackhawks zone.
11:51 of 1st period - Snap shot by Mikhail Grigorenko.
11:51 of 1st period - Shot Blocked by Derrick Pouliot.
12:38 of 1st period - Snap shot by Mikko Rantanen.
12:38 of 1st period - Deflect By Auston Matthews.
12:38 of 1st period - Stopped by Samuel Montembeault without a rebound.
12:39 of 1st period - Auston Matthews wins face-off versus Casey Mittelstadt in Rangers zone.
13:10 of 1st period - Icing by Derek Stepan.
13:11 of 1st period - Viktor Arvidsson wins face-off versus Derek Stepan in Blackhawks zone.
13:26 of 1st period - Wrist shot by Cale Makar.
13:26 of 1st period - Stopped by Cam Ward with a rebound.
13:28 of 1st period - Snap shot by Jake McCabe.
13:28 of 1st period - Shot Blocked by Mike Amadio.
13:30 of 1st period - Wrist shot by Cale Makar.
13:30 of 1st period - Shot Blocked by Derek Stepan.
13:32 of 1st period - Slapshot by Jake McCabe.
13:32 of 1st period - Stopped by Cam Ward with a rebound.
13:34 of 1st period - Snap shot by Sean Couturier.
13:34 of 1st period - Stopped by Cam Ward without a rebound.
13:35 of 1st period - Auston Matthews wins face-off versus Milan Lucic in Blackhawks zone.
14:56 of 1st period - Snap shot by Sebastian Collberg.
14:56 of 1st period - Stopped by Cam Ward without a rebound.
14:57 of 1st period - Tomas Hertl wins face-off versus Auston Matthews in Blackhawks zone.
14:58 of 1st period - Slapshot by Milan Lucic.
14:58 of 1st period - Stopped by Cam Ward without a rebound.
14:59 of 1st period - Auston Matthews wins face-off versus Tomas Hertl in Blackhawks zone.
15:34 of 1st period - Snap shot by Mikko Rantanen.
15:34 of 1st period - Shot Misses the Net.
15:36 of 1st period - Snap shot by Johnny Gaudreau.
15:36 of 1st period - Shot Blocked by Jake McCabe.
15:38 of 1st period - Slapshot by Mikko Rantanen.
15:38 of 1st period - Deflect By Johnny Gaudreau.
15:38 of 1st period - Stopped by Samuel Montembeault without a rebound.
15:39 of 1st period - Sean Couturier wins face-off versus Stefan Matteau in Rangers zone.
15:46 of 1st period - Snap shot by Kris Versteeg.
15:46 of 1st period - Goal by Kris Versteeg - Rangers : 1 - Blackhawks : 1.
15:47 of 1st period - Auston Matthews wins face-off versus Sean Couturier in neutral zone.
15:54 of 1st period - Wrist shot by Johnny Gaudreau.
15:54 of 1st period - Stopped by Samuel Montembeault with a rebound.
15:56 of 1st period - Snap shot by Thomas Chabot.
15:56 of 1st period - Stopped by Samuel Montembeault without a rebound.
15:57 of 1st period - Sean Couturier wins face-off versus Auston Matthews in Rangers zone.
16:24 of 1st period - Slapshot by Cale Makar.
16:24 of 1st period - Shot Blocked by Radko Gudas.
16:30 of 1st period - Sean Couturier is hit by Johnny Gaudreau and loses puck.
16:35 of 1st period - Slapshot by Johnny Gaudreau.
16:35 of 1st period - Shot Blocked by Ryan Strome.
16:37 of 1st period - Slapshot by Auston Matthews.
16:37 of 1st period - Shot Misses the Net.
16:39 of 1st period - Snap shot by Johnny Gaudreau.
16:39 of 1st period - Goal by Johnny Gaudreau - Rangers : 1 - Blackhawks : 2.
16:40 of 1st period - Derek Stepan wins face-off versus Tomas Hertl in neutral zone.
16:45 of 1st period - Slapshot by Will Butcher.
16:45 of 1st period - Shot Blocked by Milan Lucic.
16:51 of 1st period - Mike Amadio is hit by Milan Lucic.
17:06 of 1st period - Devante Smith-Pelly is hit by Antoine Roussel and loses puck.
17:23 of 1st period - Minor Penalty to Stefan Matteau for High sticking.
17:24 of 1st period - Derek Stepan wins face-off versus Sean Couturier in Blackhawks zone.
17:30 of 1st period - Off-side.
17:31 of 1st period - Sean Couturier wins face-off versus Derek Stepan in neutral zone.
17:34 of 1st period - Slapshot by Cale Makar.
17:34 of 1st period - Shot Misses the Net.
17:36 of 1st period - Slapshot by Cale Makar.
17:36 of 1st period - Stopped by Cam Ward without a rebound.
17:37 of 1st period - Sean Couturier wins face-off versus Derek Stepan in Blackhawks zone.
17:40 of 1st period - Wrist shot by Ryan Strome.
17:40 of 1st period - Shot Blocked by Radko Gudas.
17:42 of 1st period - Wrist shot by Milan Lucic.
17:42 of 1st period - Stopped by Cam Ward with a rebound.
19:23 of 1st period - Penalty to Stefan Matteau is over, Stefan Matteau is back on ice.
19:30 of 1st period - Sebastian Collberg is hit by Mikko Rantanen and loses puck.
Goals for this period are 1 for Rangers vs 2 for Blackhawks.
Shots for this period are 17 for Rangers vs 7 for Blackhawks.

2nd period


0:01 of 2nd period - Tomas Hertl wins face-off versus Auston Matthews in neutral zone.
0:36 of 2nd period - Snap shot by Erik Haula.
0:36 of 2nd period - Shot Misses the Net.
0:38 of 2nd period - Snap shot by Derek Stepan.
0:38 of 2nd period - Shot Blocked by Vince Dunn.
2:07 of 2nd period - Wrist shot by Mike Amadio.
2:07 of 2nd period - Stopped by Samuel Montembeault with a rebound.
2:41 of 2nd period - Slapshot by Henrik Samuelsson.
2:41 of 2nd period - Stopped by Cam Ward without a rebound.
2:42 of 2nd period - Auston Matthews wins face-off versus Henrik Samuelsson in Blackhawks zone.
2:47 of 2nd period - Wrist shot by David Pope.
2:47 of 2nd period - Shot Blocked by Mikko Rantanen.
2:49 of 2nd period - Slapshot by Jake McCabe.
2:49 of 2nd period - Deflect By Johnny Gaudreau.
2:49 of 2nd period - Stopped by Cam Ward without a rebound.
2:50 of 2nd period - Auston Matthews wins face-off versus Sean Couturier in Blackhawks zone.
3:17 of 2nd period - Snap shot by Johnny Gaudreau.
3:17 of 2nd period - Stopped by Samuel Montembeault with a rebound.
3:19 of 2nd period - Snap shot by Mikko Rantanen.
3:19 of 2nd period - Shot Misses the Net.
3:27 of 2nd period - Slapshot by Thomas Chabot.
3:27 of 2nd period - Stopped by Samuel Montembeault without a rebound.
3:28 of 2nd period - Derek Stepan wins face-off versus Tomas Hertl in Rangers zone.
3:33 of 2nd period - Snap shot by Erik Haula.
3:33 of 2nd period - Shot Misses the Net.
3:35 of 2nd period - Wrist shot by PK Subban.
3:35 of 2nd period - Shot Blocked by Vince Dunn.
3:37 of 2nd period - Slapshot by Will Butcher.
3:37 of 2nd period - Shot Misses the Net.
3:39 of 2nd period - Snap shot by Will Butcher.
3:39 of 2nd period - Shot Misses the Net.
3:57 of 2nd period - Mikhail Sergachev is hit by Will Butcher and loses puck.
4:19 of 2nd period - Icing by Devante Smith-Pelly.
4:20 of 2nd period - Stefan Matteau wins face-off versus Casey Mittelstadt in Rangers zone.
4:21 of 2nd period - Wrist shot by Kris Versteeg.
4:21 of 2nd period - Stopped by Samuel Montembeault without a rebound.
4:22 of 2nd period - Stefan Matteau wins face-off versus Casey Mittelstadt in Rangers zone.
4:31 of 2nd period - Snap shot by Antoine Roussel.
4:31 of 2nd period - Shot Misses the Net.
4:53 of 2nd period - Slapshot by Kris Versteeg.
4:53 of 2nd period - Shot Misses the Net.
4:55 of 2nd period - Wrist shot by Antoine Roussel.
4:55 of 2nd period - Shot Blocked by Steven Santini.
4:57 of 2nd period - Snap shot by Antoine Roussel.
4:57 of 2nd period - Shot Blocked by Derrick Pouliot.
5:11 of 2nd period - Wrist shot by Kris Versteeg.
5:11 of 2nd period - Stopped by Samuel Montembeault without a rebound.
5:12 of 2nd period - Sean Couturier wins face-off versus Auston Matthews in Rangers zone.
5:20 of 2nd period - Cale Makar is hit by Johnny Gaudreau and loses puck.
5:23 of 2nd period - Wrist shot by Sean Couturier.
5:23 of 2nd period - Stopped by Cam Ward with a rebound.
5:25 of 2nd period - Slapshot by Cale Makar.
5:25 of 2nd period - Stopped by Cam Ward without a rebound.
5:26 of 2nd period - Mikko Rantanen wins face-off versus Tomas Hertl in Blackhawks zone.
5:40 of 2nd period - Off-side.
5:41 of 2nd period - Sean Couturier wins face-off versus Derek Stepan in neutral zone.
6:19 of 2nd period - Cale Makar is hit by Radko Gudas.
7:17 of 2nd period - Sean Couturier is hit by Derek Stepan and loses puck.
7:43 of 2nd period - Milan Lucic is hit by Will Butcher.
8:35 of 2nd period - William Karlsson is hit by Ryan Strome and loses puck.
9:18 of 2nd period - Slapshot by Thomas Chabot.
9:18 of 2nd period - Stopped by Samuel Montembeault with a rebound.
9:24 of 2nd period - Wrist shot by Viktor Arvidsson.
9:24 of 2nd period - Shot Blocked by Thomas Chabot.
9:26 of 2nd period - Slapshot by Vince Dunn.
9:26 of 2nd period - Deflect By Viktor Arvidsson.
9:26 of 2nd period - Shot Misses the Net.
9:26 of 2nd period - Puck is out of play.
9:27 of 2nd period - Mikko Rantanen wins face-off versus Milan Lucic in Blackhawks zone.
9:34 of 2nd period - Snap shot by Mikko Rantanen.
9:34 of 2nd period - Shot Misses the Net.
9:36 of 2nd period - Slapshot by Will Butcher.
9:36 of 2nd period - Stopped by Samuel Montembeault without a rebound.
9:37 of 2nd period - Tomas Hertl wins face-off versus Auston Matthews in Rangers zone.
9:42 of 2nd period - Slapshot by Johnny Gaudreau.
9:42 of 2nd period - Shot Misses the Net.
9:44 of 2nd period - Backhand shot by Johnny Gaudreau.
9:44 of 2nd period - Stopped by Samuel Montembeault with a rebound.
10:02 of 2nd period - Wrist shot by Mikko Rantanen.
10:02 of 2nd period - Shot Blocked by Milan Lucic.
10:04 of 2nd period - Wrist shot by Auston Matthews.
10:04 of 2nd period - Stopped by Samuel Montembeault with a rebound.
10:06 of 2nd period - Slapshot by Will Butcher.
10:06 of 2nd period - Shot Misses the Net.
10:22 of 2nd period - Slapshot by Tomas Hertl.
10:22 of 2nd period - Shot Blocked by PK Subban.
11:05 of 2nd period - Minor Penalty to Tomas Hertl for Slashing.
11:06 of 2nd period - Casey Mittelstadt wins face-off versus Kris Versteeg in Rangers zone.
12:47 of 2nd period - Icing by Derek Stepan.
12:48 of 2nd period - Derek Stepan wins face-off versus David Pope in Blackhawks zone.
12:53 of 2nd period - Henrik Samuelsson is hit by Thomas Chabot and loses puck.
13:05 of 2nd period - Penalty to Tomas Hertl is over, Tomas Hertl is back on ice.
13:18 of 2nd period - Icing by Derrick Pouliot.
13:19 of 2nd period - Viktor Arvidsson wins face-off versus William Karlsson in Rangers zone.
13:19 of 2nd period - Viktor Arvidsson is hit by Hudson Fasching.
13:29 of 2nd period - Wrist shot by Sean Couturier.
13:29 of 2nd period - Shot Misses the Net.
13:31 of 2nd period - Slapshot by Ryan Strome.
13:31 of 2nd period - Shot Misses the Net.
13:33 of 2nd period - Snap shot by Ryan Strome.
13:33 of 2nd period - Stopped by Cam Ward without a rebound.
13:34 of 2nd period - Henrik Samuelsson wins face-off versus Derek Stepan in Blackhawks zone.
13:39 of 2nd period - Wrist shot by Henrik Samuelsson.
13:39 of 2nd period - Shot Misses the Net.
13:41 of 2nd period - Slapshot by Sebastian Collberg.
13:41 of 2nd period - Shot Blocked by Erik Haula.
13:47 of 2nd period - Snap shot by David Pope.
13:47 of 2nd period - Deflect By Henrik Samuelsson.
13:47 of 2nd period - Stopped by Cam Ward without a rebound.
13:48 of 2nd period - Casey Mittelstadt wins face-off versus Auston Matthews in Blackhawks zone.
13:53 of 2nd period - Snap shot by Ondrej Palat.
13:53 of 2nd period - Stopped by Cam Ward without a rebound.
13:54 of 2nd period - Auston Matthews wins face-off versus Casey Mittelstadt in Blackhawks zone.
14:07 of 2nd period - Slapshot by Ondrej Palat.
14:07 of 2nd period - Shot Misses the Net.
14:09 of 2nd period - Snap shot by Devante Smith-Pelly.
14:09 of 2nd period - Shot Misses the Net.
14:46 of 2nd period - Icing by Steven Santini.
14:47 of 2nd period - Sean Couturier wins face-off versus Auston Matthews in Rangers zone.
15:23 of 2nd period - Snap shot by Antoine Roussel.
15:23 of 2nd period - Shot Misses the Net.
15:48 of 2nd period - Backhand shot by Tomas Hertl.
15:48 of 2nd period - Stopped by Cam Ward without a rebound.
15:49 of 2nd period - Auston Matthews wins face-off versus David Pope in Blackhawks zone.
16:16 of 2nd period - David Pope is hit by Stefan Matteau and loses puck.
16:25 of 2nd period - Slapshot by Cale Makar.
16:25 of 2nd period - Deflect By Thomas Chabot.
16:25 of 2nd period - Stopped by Cam Ward with a rebound.
16:27 of 2nd period - Snap shot by Cale Makar.
16:27 of 2nd period - Stopped by Cam Ward without a rebound.
16:28 of 2nd period - Derek Stepan wins face-off versus Oliver Bjorkstrand in Blackhawks zone.
17:05 of 2nd period - Minor Penalty to Kris Versteeg for Cross-checking.
17:06 of 2nd period - Sean Couturier wins face-off versus Derek Stepan in Blackhawks zone.
18:10 of 2nd period - Sean Couturier is hit by Derek Stepan.
19:05 of 2nd period - Penalty to Kris Versteeg is over, Kris Versteeg is back on ice.
19:20 of 2nd period - Slapshot by Henrik Samuelsson.
19:20 of 2nd period - Shot Misses the Net.
Goals for this period are 0 for Rangers vs 0 for Blackhawks.
Shots for this period are 10 for Rangers vs 9 for Blackhawks.

3rd period


0:01 of 3rd period - Derek Stepan wins face-off versus Sean Couturier in neutral zone.
0:10 of 3rd period - Wrist shot by Mike Amadio.
0:10 of 3rd period - Stopped by Samuel Montembeault with a rebound.
0:12 of 3rd period - Slapshot by Thomas Chabot.
0:12 of 3rd period - Shot Misses the Net.
0:14 of 3rd period - Slapshot by Thomas Chabot.
0:14 of 3rd period - Deflect By Erik Haula.
0:14 of 3rd period - Goal by Erik Haula - Rangers : 1 - Blackhawks : 3.
0:15 of 3rd period - Derek Stepan wins face-off versus Sean Couturier in neutral zone.
0:32 of 3rd period - Wrist shot by Viktor Arvidsson.
0:32 of 3rd period - Shot Misses the Net.
0:47 of 3rd period - Wrist shot by Johnny Gaudreau.
0:47 of 3rd period - Shot Misses the Net.
0:55 of 3rd period - Snap shot by Johnny Gaudreau.
0:55 of 3rd period - Stopped by Samuel Montembeault without a rebound.
0:56 of 3rd period - Casey Mittelstadt wins face-off versus Stefan Matteau in Rangers zone.
1:05 of 3rd period - Snap shot by Ondrej Palat.
1:05 of 3rd period - Shot Misses the Net.
1:07 of 3rd period - Slapshot by Cale Makar.
1:07 of 3rd period - Stopped by Cam Ward with a rebound.
1:13 of 3rd period - Snap shot by Ondrej Palat.
1:13 of 3rd period - Stopped by Cam Ward without a rebound.
1:14 of 3rd period - Sean Couturier wins face-off versus Derek Stepan in Blackhawks zone.
1:20 of 3rd period - Off-side.
1:21 of 3rd period - Viktor Arvidsson wins face-off versus Derek Stepan in neutral zone.
1:30 of 3rd period - Wrist shot by Derek Stepan.
1:30 of 3rd period - Stopped by Samuel Montembeault without a rebound.
1:31 of 3rd period - Tomas Hertl wins face-off versus Auston Matthews in Rangers zone.
1:45 of 3rd period - Wrist shot by Oliver Bjorkstrand.
1:45 of 3rd period - Shot Misses the Net.
1:47 of 3rd period - Snap shot by Jake McCabe.
1:47 of 3rd period - Shot Misses the Net.
2:01 of 3rd period - Wrist shot by Derek Stepan.
2:01 of 3rd period - Stopped by Samuel Montembeault without a rebound.
2:02 of 3rd period - Sean Couturier wins face-off versus Derek Stepan in Rangers zone.
2:13 of 3rd period - Slapshot by Ryan Strome.
2:13 of 3rd period - Shot Hit the Post.
2:21 of 3rd period - Slapshot by PK Subban.
2:21 of 3rd period - Shot Blocked by Sean Couturier.
2:25 of 3rd period - Wrist shot by Mike Amadio.
2:25 of 3rd period - Shot Misses the Net.
2:27 of 3rd period - Snap shot by Derek Stepan.
2:27 of 3rd period - Blackhawks goal is going for a video replay.
2:27 of 3rd period - The goal is refused. The puck has been kicked using a distinct kicking motion..
2:28 of 3rd period - Auston Matthews wins face-off versus Tomas Hertl in Rangers zone.
3:06 of 3rd period - Slapshot by Antoine Roussel.
3:06 of 3rd period - Stopped by Samuel Montembeault without a rebound.
3:07 of 3rd period - Auston Matthews wins face-off versus Henrik Samuelsson in Rangers zone.
3:18 of 3rd period - Slapshot by David Pope.
3:18 of 3rd period - Shot Misses the Net.
3:20 of 3rd period - Slapshot by Mikhail Sergachev.
3:20 of 3rd period - Stopped by Cam Ward with a rebound.
3:22 of 3rd period - Snap shot by Mikhail Sergachev.
3:22 of 3rd period - Deflect By PK Subban.
3:22 of 3rd period - Stopped by Cam Ward with a rebound.
3:24 of 3rd period - Slapshot by Vince Dunn.
3:24 of 3rd period - Deflect By Henrik Samuelsson.
3:24 of 3rd period - Stopped by Cam Ward without a rebound.
3:25 of 3rd period - Derek Stepan wins face-off versus Sean Couturier in Blackhawks zone.
4:18 of 3rd period - Icing by Antoine Roussel.
4:19 of 3rd period - Stefan Matteau wins face-off versus Casey Mittelstadt in Blackhawks zone.
4:26 of 3rd period - Snap shot by Kris Versteeg.
4:26 of 3rd period - Stopped by Samuel Montembeault without a rebound.
4:27 of 3rd period - Auston Matthews wins face-off versus Sean Couturier in Rangers zone.
4:30 of 3rd period - Slapshot by Mikko Rantanen.
4:30 of 3rd period - Stopped by Samuel Montembeault with a rebound.
4:43 of 3rd period - Minor Penalty to Johnny Gaudreau for Cross-checking.
4:44 of 3rd period - Sean Couturier wins face-off versus Derek Stepan in Blackhawks zone.
6:43 of 3rd period - Penalty to Johnny Gaudreau is over, Johnny Gaudreau is back on ice.
7:38 of 3rd period - Off-side.
7:39 of 3rd period - Johnny Gaudreau wins face-off versus Henrik Samuelsson in neutral zone.
7:42 of 3rd period - Sebastian Collberg is hit by Johnny Gaudreau and loses puck.
7:49 of 3rd period - Wrist shot by Mikko Rantanen.
7:49 of 3rd period - Goal by Mikko Rantanen - Rangers : 1 - Blackhawks : 4.
7:50 of 3rd period - Derek Stepan wins face-off versus Sean Couturier in neutral zone.
7:57 of 3rd period - Slapshot by Derek Stepan.
7:57 of 3rd period - Deflect By Erik Haula.
7:57 of 3rd period - Shot Misses the Net.
7:57 of 3rd period - Puck is out of play.
7:58 of 3rd period - Sean Couturier wins face-off versus Mike Amadio in Rangers zone.
8:17 of 3rd period - Slapshot by Thomas Chabot.
8:17 of 3rd period - Stopped by Samuel Montembeault without a rebound.
8:18 of 3rd period - Auston Matthews wins face-off versus Tomas Hertl in Rangers zone.
8:45 of 3rd period - Mikhail Sergachev is hit by Will Butcher and loses puck.
9:10 of 3rd period - Thomas Chabot is hit by Mikhail Sergachev and loses puck.
9:31 of 3rd period - Off-side.
9:32 of 3rd period - Auston Matthews wins face-off versus Casey Mittelstadt in neutral zone.
9:34 of 3rd period - Off-side.
9:35 of 3rd period - Casey Mittelstadt wins face-off versus Auston Matthews in neutral zone.
9:40 of 3rd period - Snap shot by Devante Smith-Pelly.
9:40 of 3rd period - Shot Misses the Net.
10:24 of 3rd period - Icing by Mike Amadio.
10:25 of 3rd period - Derek Stepan wins face-off versus Henrik Samuelsson in Blackhawks zone.
10:33 of 3rd period - Off-side.
10:34 of 3rd period - Auston Matthews wins face-off versus Sean Couturier in neutral zone.
11:00 of 3rd period - Casey Mittelstadt is hit by Erik Haula and loses puck.
11:05 of 3rd period - Wrist shot by Mike Amadio.
11:05 of 3rd period - Shot Blocked by Jake McCabe.
11:52 of 3rd period - Minor Penalty to Henrik Samuelsson for Slashing.
11:53 of 3rd period - Derek Stepan wins face-off versus Casey Mittelstadt in Rangers zone.
13:52 of 3rd period - Penalty to Henrik Samuelsson is over, Henrik Samuelsson is back on ice.
14:05 of 3rd period - Hudson Fasching is hit by Sebastian Collberg and loses puck.
14:13 of 3rd period - Icing by Will Butcher.
14:14 of 3rd period - William Karlsson wins face-off versus Tomas Hertl in Blackhawks zone.
14:23 of 3rd period - Snap shot by William Karlsson.
14:23 of 3rd period - Shot Blocked by Tomas Hertl.
14:25 of 3rd period - Snap shot by William Karlsson.
14:25 of 3rd period - Stopped by Samuel Montembeault with a rebound.
14:27 of 3rd period - Snap shot by Hudson Fasching.
14:27 of 3rd period - Stopped by Samuel Montembeault without a rebound.
14:28 of 3rd period - Stefan Matteau wins face-off versus Sean Couturier in Rangers zone.
14:29 of 3rd period - Snap shot by Antoine Roussel.
14:29 of 3rd period - Shot Blocked by Ryan Strome.
14:35 of 3rd period - Snap shot by Kris Versteeg.
14:35 of 3rd period - Stopped by Samuel Montembeault without a rebound.
14:36 of 3rd period - Stefan Matteau wins face-off versus Sean Couturier in Rangers zone.
14:37 of 3rd period - Slapshot by Kris Versteeg.
14:37 of 3rd period - Stopped by Samuel Montembeault with a rebound.
14:39 of 3rd period - Wrist shot by Kris Versteeg.
14:39 of 3rd period - Shot Misses the Net.
14:41 of 3rd period - Backhand shot by Kris Versteeg.
14:41 of 3rd period - Stopped by Samuel Montembeault without a rebound.
14:42 of 3rd period - Auston Matthews wins face-off versus Sean Couturier in Rangers zone.
14:46 of 3rd period - Minor Penalty to Jake McCabe for Goalie Interference.
14:47 of 3rd period - Derek Stepan wins face-off versus Milan Lucic in Rangers zone.
14:49 of 3rd period - Slapshot by Johnny Gaudreau.
14:49 of 3rd period - Shot Misses the Net.
15:03 of 3rd period - Wrist shot by Derek Stepan.
15:03 of 3rd period - Goal by Derek Stepan - Rangers : 1 - Blackhawks : 5.
15:04 of 3rd period - Sean Couturier wins face-off versus Auston Matthews in neutral zone.
15:17 of 3rd period - Snap shot by Viktor Arvidsson.
15:17 of 3rd period - Shot Misses the Net.
15:19 of 3rd period - Snap shot by Sean Couturier.
15:19 of 3rd period - Stopped by Cam Ward without a rebound.
15:20 of 3rd period - Derek Stepan wins face-off versus Tomas Hertl in Blackhawks zone.
15:35 of 3rd period - PK Subban is hit by Tomas Hertl.
16:13 of 3rd period - Vince Dunn is hit by Hudson Fasching and loses puck.
16:30 of 3rd period - Minor Penalty to Mikhail Grigorenko for Hooking.
16:31 of 3rd period - Sean Couturier wins face-off versus Derek Stepan in Blackhawks zone.
16:43 of 3rd period - Off-side.
16:44 of 3rd period - Sean Couturier wins face-off versus Derek Stepan in neutral zone.
16:55 of 3rd period - Slapshot by Milan Lucic.
16:55 of 3rd period - Stopped by Cam Ward with a rebound.
17:01 of 3rd period - Slapshot by Cale Makar.
17:01 of 3rd period - Stopped by Cam Ward without a rebound.
17:02 of 3rd period - Tomas Hertl wins face-off versus Derek Stepan in Blackhawks zone.
17:16 of 3rd period - Snap shot by Devante Smith-Pelly.
17:16 of 3rd period - Deflect By Viktor Arvidsson.
17:16 of 3rd period - Shot Blocked by Radko Gudas.
17:16 of 3rd period - Puck is out of play.
17:17 of 3rd period - Derek Stepan wins face-off versus Sean Couturier in Blackhawks zone.
17:44 of 3rd period - Cale Makar is hit by Erik Haula and loses puck.
18:30 of 3rd period - Penalty to Mikhail Grigorenko is over, Mikhail Grigorenko is back on ice.
18:38 of 3rd period - Auston Matthews is hit by Henrik Samuelsson and loses puck.
19:05 of 3rd period - Snap shot by Hudson Fasching.
19:05 of 3rd period - Shot Blocked by Casey Mittelstadt.
19:07 of 3rd period - Snap shot by Mikhail Grigorenko.
19:07 of 3rd period - Goal by Mikhail Grigorenko - Rangers : 1 - Blackhawks : 6.
19:08 of 3rd period - Auston Matthews wins face-off versus Tomas Hertl in neutral zone.
19:55 of 3rd period - Snap shot by Cale Makar.
19:55 of 3rd period - Shot Blocked by Radko Gudas.
19:57 of 3rd period - Slapshot by Cale Makar.
19:57 of 3rd period - Stopped by Cam Ward without a rebound.
19:58 of 3rd period - Ryan Strome wins face-off versus Auston Matthews in Blackhawks zone.
Goals for this period are 0 for Rangers vs 4 for Blackhawks.
Shots for this period are 9 for Rangers vs 18 for Blackhawks.